Map: Dusk Towers

Players

ShoWTimE - Winner!

  • Race: Protoss Protoss

Petraeus

  • Race: Zerg Zerg
  • League: Grandmaster

Event: NationWars III

VOD

Have the link to the VOD?

Description

Time

  • Played on: Dec. 13, 2015, 12:39 p.m.
  • Length: 7:31
Show
View Real Time Build Order
Export as new Build Order

ShoWTimE Protoss - Winner!

Build Orders: Nexus First 

Get SALT Encoding   

  12  0:01  Probe (Chrono Boost)  
  13  0:11  Probe (Chrono Boost)  
  14  0:18  Pylon  
  14  0:22  Probe (Chrono Boost)  
  15  0:36  Probe (Chrono Boost)  
  16  0:46  Probe (Chrono Boost)  
  17  1:00  Nexus  
  17  1:12  Gateway  
  17  1:14  Probe (Chrono Boost)  
  18  1:24  Assimilator  
  18  1:25  Probe (Chrono Boost)  
  19  1:31  Assimilator  
  19  1:35  Probe (Chrono Boost)  
  20  1:46  Probe (Chrono Boost)  
  21  1:49  Gateway  
  21  1:56  Probe (Chrono Boost)  
  21  2:00  Cybernetics Core  
  22  2:07  Probe (Chrono Boost)  
  23  2:13  Probe (Chrono Boost)  
  24  2:17  Probe (Chrono Boost)  
  25  2:23  Probe (Chrono Boost)  
  25  2:28  Probe (Chrono Boost)  
  27  2:33  Probe (Chrono Boost)  
  27  2:36  Stalker (Chrono Boost), Adept (Chrono Boost)  
  32  2:38  Probe, Warp Gate  
  33  2:51  Mothership Core (Chrono Boost)  
  35  2:52  Probe  
  35  2:54  Pylon  
  35  2:57  Pylon  
  36  3:04  Probe (Chrono Boost)  
  37  3:12  Probe (Chrono Boost)  
  38  3:15  Probe (Chrono Boost)  
  38  3:16  Twilight Council  
  39  3:22  Pylon  
  39  3:23  Probe (Chrono Boost)  
  39  3:26  Probe (Chrono Boost)  
  41  3:31  Pylon  
  41  3:33  Probe (Chrono Boost)  
  44  3:34  Adept x2  
  44  3:40  Probe (Chrono Boost)  
  47  3:44  Probe (Chrono Boost)  
  47  3:48  Resonating Glaives (Chrono Boost)  
  48  3:50  Probe (Chrono Boost)  
  48  3:54  Probe  
  48  3:57  Robotics Facility  
  48  4:00  Probe  
  49  4:05  Pylon  
  49  4:06  Probe  
  50  4:10  Probe  
  50  4:14  Gateway  
  50  4:15  Gateway  
  51  4:18  Probe  
  51  4:21  Probe, Assimilator  
  53  4:25  Assimilator  
  53  4:28  Pylon  
  53  4:30  Probe  
  54  4:31  Probe  
  54  4:36  Forge  
  55  4:42  Probe  
  55  4:43  Probe, Warp Prism (Chrono Boost)  
  59  4:47  Adept x2  
  63  4:54  Probe  
  63  4:55  Probe  
  65  5:01  Nexus  
  65  5:06  Pylon  
  65  5:09  Pylon  
  65  5:10  Protoss Ground Weapons Level 1 (Chrono Boost)  
  65  5:11  Blink  
  65  5:14  Probe  
  65  5:15  Probe, Observer (Chrono Boost)  
  68  5:23  Sentry x3  
  74  5:30  Gateway  
  74  5:33  Gateway  
  74  5:42  Gateway  
  74  5:47  Gateway  
  74  5:48  Probe x2  
  76  5:53  Stalker x2  
  80  6:04  Stalker x2  
  80  6:07  Pylon  
  80  6:23  Adept x2  
  80  6:29  Photon Cannon  
  80  6:34  Adept x4  
  88  6:48  Pylon  
  88  6:53  Stalker x4  
  96  6:58  Stalker x4  
  104  7:17  Adept x2  
  104  7:18  Adept x2  
  104  7:22  Stalker x4  
Show
View Real Time Build Order
Export as new Build Order

Petraeus Zerg 

Build Orders: Hatch First 

Get SALT Encoding   

  12  0:01  Drone  
  13  0:12  Overlord  
  13  0:17  Drone  
  14  0:31  Drone x2  
  14  0:35  Drone  
  17  0:52  Hatchery  
  17  0:55  Drone  
  17  1:00  Drone  
  18  1:12  Spawning Pool  
  18  1:16  Extractor  
  18  1:17  Drone  
  17  1:21  Drone  
  18  1:28  Drone  
  19  1:39  Overlord  
  19  1:49  Drone  
  20  1:59  Queen  
  20  2:00  Zergling x2  
  23  2:04  Queen  
  23  2:05  Drone  
  26  2:11  Drone  
  27  2:16  Drone  
  27  2:17  Metabolic Boost  
  27  2:22  Drone  
  29  2:26  Drone  
  30  2:35  Hatchery  
  29  2:39  Drone  
  29  2:42  Drone  
  31  2:47  Drone  
  31  2:48  Queen  
  34  2:52  Overlord  
  34  3:01  Zergling x2  
  34  3:02  Drone  
  35  3:09  Drone  
  35  3:11  Overlord  
  36  3:16  Zergling x2  
  36  3:17  Zergling x2  
  36  3:18  Zergling x2  
  36  3:19  Drone  
  41  3:20  Drone x2  
  41  3:23  Drone  
  43  3:29  Extractor  
  43  3:30  Drone  
  43  3:33  Drone  
  44  3:39  Drone  
  45  3:45  Drone x2  
  45  3:46  Drone x2  
  49  3:51  Drone  
  49  3:53  Drone  
  49  3:55  Drone  
  52  3:59  Drone  
  52  4:00  Roach Warren  
  52  4:02  Overlord  
  52  4:03  Drone  
  52  4:04  Drone, Spore Crawler  
  52  4:05  Drone  
  52  4:09  Drone  
  55  4:12  Overlord  
  55  4:13  Extractor  
  54  4:20  Overlord x2  
  53  4:24  Drone  
  53  4:25  Drone  
  53  4:28  Drone  
  56  4:34  Drone x4  
  56  4:35  Drone  
  56  4:36  Drone x4  
  56  4:37  Drone  
  66  4:46  Roach  
  66  4:47  Roach  
  66  4:48  Evolution Chamber, Lair  
  66  4:49  Roach  
  71  4:54  Roach x3  
  71  4:59  Drone  
  78  5:01  Extractor  
  77  5:08  Drone x3  
  77  5:10  Overlord x2  
  77  5:11  Drone  
  77  5:12  Drone x3  
  84  5:17  Ravager x5  
  88  5:21  Extractor x2  
  88  5:28  Drone x2, Zerg Melee Weapons Level 1  
  86  5:29  Drone x2  
  86  5:30  Drone x2  
  86  5:32  Drone  
  86  5:33  Hatchery  
  92  5:36  Ravager, Zergling x6  
  92  5:38  Overlord x2  
  92  5:41  Drone  
  97  5:43  Zergling x4  
  97  5:46  Spore Crawler  
  97  5:47  Overseer  
  97  5:48  Infestation Pit  
  97  5:50  Overseer  
  97  5:51  Queen  
  97  5:56  Zergling x8  
  97  6:18  Drone x3  
  96  6:22  Drone x4  
  96  6:23  Drone x2  
  100  6:31  Infestor x2  
  104  6:34  Infestor  
  104  6:35  Drone  
  104  6:38  Evolution Chamber, Drone x6  
  104  6:39  Queen  
  114  6:47  Overlord  
  114  6:49  Roach x2  
  119  6:54  Drone  
  119  6:56  Zergling x4  
  119  6:58  Evolution Chamber  
  120  7:03  Roach x3  
  120  7:04  Roach  
Tags
 
Add a new tag
Caveats
  • Supply blocks, unpowered buildings, or Contaminate may cause inaccurate times.
  • Supply counts are checked every 10 seconds.